 Dungeon Crawl Stone Soup version 0.31.0-32-g396128a36d (webtiles) character file.

Game seed: 14475007727504135721

52 tizbic2 the Shooter (level 4, 0/34 HPs)
             Began as a Formicid Hunter on Mar 22, 2024.
             Slain by Crazy Yiuf
             ... wielding a +2 quarterstaff of chaos
              (4 damage)
             ... on level 2 of the Dungeon.
             The game lasted 00:04:32 (1470 turns).

tizbic2 the Shooter (Formicid Hunter)               Turns: 1470, Time: 00:04:32

Health: 0/34       AC:  9    Str: 15 (18) XL:     4   Next: 8%
Magic:  4/4        EV:  7    Int:  6 (8)  God:
Gold:   111        SH:  0    Dex: 16 (17) Spells: 3/3 levels left

rFire   + . .        a - +1 shortbow
rCold   + . .        (no shield)
rNeg    . . .        i - +0 chain mail
rPois   +            (helmet unavailable)
rElec   +            g - +0 cloak
rCorr   +            (no gloves)
SInv    +            (no boots)
Will    .....        (no amulet) Stlth
                     (no ring)
HPRegen 0.25/turn    (no ring)
MPRegen 0.09/turn

%: no passive effects
@: resistant, attractive
A: permanent stasis, dig shafts and tunnels, antennae 3, four strong arms
a: Dig, Shaft Self


You were on level 2 of the Dungeon.
You visited 1 branch of the dungeon, and saw 2 of its levels.

You collected 111 gold pieces.

Inventory:

Hand Weapons
 a - a +1 shortbow (weapon)
Missiles
 l - a throwing net
Armour
 c - a +0 leather armour
 g - a +0 cloak (worn)
 i - a +0 chain mail (worn)
Jewellery
 d - a ring of fire
 e - a ring of ice
Scrolls
 b - a scroll of butterflies
 f - a scroll of enchant armour {unknown}


   Skills:
 + Level 2.6 Fighting
 * Level 4.5 Ranged Weapons
 + Level 1.2 Armour
 - Level 1.7 Dodging
 - Level 1.2 Stealth
 + Level 1.5 Shields
 + Level 1.1 Invocations


You had 3 spell levels left.
You didn't know any spells.
Your spell library contained the following spells:

 Spells                   Type           Power      Damage    Failure   Level
 Freeze                   Ice            0%         1d3       100%        1
 Cigotuvi's Dreadful Rot  Necr/Alch/Air  0%         N/A       100%        2
 Frozen Ramparts          Ice            0%         1d1       100%        3
 Hailstorm                Conj/Ice       0%         3d5       100%        3
 Ozocubu's Armour         Ice            0%         N/A       100%        3
 Ignite Poison            Fire/Alch      0%         N/A       100%        4
 Freezing Cloud           Conj/Ice/Air   0%         6-21      100%        5
 Metabolic Englaciation   Hex/Ice        0%         N/A       100%        5
 Sculpt Simulacrum        Ice/Alch       0%         N/A       100%        6


Dungeon Overview and Level Annotations

Branches:
Dungeon (2/15)

Altars:

Annotations:
D:2 Crazy Yiuf


Innate Abilities, Weirdness & Mutations

You cannot be hasted, slowed, berserked, paralysed or teleported.
You can dig through walls and to a lower floor.
You have a pair of large antennae on your head. (SInv)
Your four strong arms can wield two-handed weapons with a shield.


Message History

Crazy Yiuf barely misses you.
You shoot an arrow. The arrow hits Crazy Yiuf.
Crazy Yiuf is moderately wounded.
Crazy Yiuf screams, "Citrus!"
Crazy Yiuf hits you but does no damage.
Your stasis prevents you from being slowed.
Crazy Yiuf hits you with a +2 quarterstaff of chaos!
You are too injured to fight recklessly!
You are too injured to fight recklessly!
You are too injured to fight recklessly!
You are too injured to fight recklessly!
You shoot an arrow. The arrow hits Crazy Yiuf.
Crazy Yiuf is heavily wounded.
Crazy Yiuf hits you with a +2 quarterstaff of chaos.
* * * LOW HITPOINT WARNING * * *
You shoot an arrow. The arrow hits Crazy Yiuf.
Crazy Yiuf is severely wounded.
Crazy Yiuf barely misses you.
Crazy Yiuf hits you with a +2 quarterstaff of chaos.
* * * LOW HITPOINT WARNING * * *
You feel protected.
You shoot an arrow. The arrow hits Crazy Yiuf.
Crazy Yiuf is severely wounded.
Crazy Yiuf hits you with a +2 quarterstaff of chaos.
* * * LOW HITPOINT WARNING * * *
It was a potion of degeneration.
There was something very wrong with that liquid.
You feel weakened.
You feel dopey.
You feel clumsy.
Crazy Yiuf hits you with a +2 quarterstaff of chaos.
* * * LOW HITPOINT WARNING * * *
It was a potion of resistance.
You feel protected. Crazy Yiuf hits you but does no damage.
It was a potion of attraction.
You feel attractive to monsters. Crazy Yiuf barely misses you.
You shoot an arrow. The arrow hits Crazy Yiuf.
Crazy Yiuf is almost dead.
Crazy Yiuf hits you with a +2 quarterstaff of chaos.
You die...

#..# ##..# #...#
##.## #.# #.##
### ♣♣##..#
#)..#♣♣ ♣♣P....#
#...g@♣♣♣♣.P....#
#...#♣..♣.P....##
### ♣♣♣.♣.....#
♣♣♣♣♣##.# #.#
##.####
#.....####
##........
####.####


You could see Crazy Yiuf.

Vanquished Creatures
  An adder (D:2)
  A ribbon worm (D:2)
  A dart slug (D:1)
  5 ball pythons
  7 endoplasms
  A giant cockroach (D:1)
  A goblin (D:2)
  4 hobgoblins
  3 quokkas
  5 bats
  2 frilled lizards (D:2)
  3 kobolds
  3 rats (D:1)
37 creatures vanquished.

Notes
Turn   | Place    | Note
-------+----------+-------------------------------------------
     0 | D:1      | tizbic2 the Formicid Hunter began the quest for the Orb.
     0 | D:1      | Reached XP level 1. HP: 16/16 MP: 1/1
   182 | D:1      | Reached XP level 2. HP: 21/22 MP: 2/2
   398 | D:1      | Reached skill level 1 in Shields
   505 | D:1      | Reached XP level 3. HP: 28/28 MP: 3/3
   764 | D:2      | Reached skill level 1 in Armour
   778 | D:2      | Reached skill level 1 in Invocations
  1193 | D:2      | Reached XP level 4. HP: 34/34 MP: 4/4
  1455 | D:2      | Found a runed translucent door.
  1456 | D:2      | Noticed Crazy Yiuf
  1470 | D:2      | Slain by Crazy Yiuf

Illustrated notes

Levels and vault maps discovered:
D:1:      erik_arrival_triangle_small, layout_basic, minivault_23,
          serial_bayou_pond_b, dk_noncrumbling_2
D:2:      layout_loops_ring, uniq_crazy_yiuf_cottage

Skill      XL: |  1  2  3 |
---------------+----------+-----
Shields        | 1 |  1.5
Armour         | 1 |  1.2
Invocations    | 1 |  1.1
Fighting       | |  2.6
Ranged Weapons | |  4.5
Dodging        | |  1.7
Stealth        | |  1.2

Action                     |  1- 3 |  4- 6 || total
---------------------------+-------+-------++-------
   Fire: Shortbow          |    90 |    14 ||   104
    Use: Scroll            |     5 |       ||     5
         Potion            |       |     3 ||     3
 Armour: Leather armour    |    10 |       ||    10
         Chain mail        |    15 |    13 ||    28
  Dodge: Dodged            |    30 |     3 ||    33
